 Dungeon Crawl Stone Soup version 0.21.1-1-g345015f (webtiles) character file.

6920 recordrepeat the Cleaver (level 11, 0/95 HPs)
             Began as a Hill Orc Fighter on July 24, 2018.
             Was a Priest of Beogh.
             Killed from afar by a gargoyle (19 damage)
             ... with a stone arrow
             ... on level 10 of the Dungeon.
             The game lasted 00:35:34 (8651 turns).

recordrepeat the Cleaver (Hill Orc Fighter)         Turns: 8651, Time: 00:35:35

Health: 0/95       AC: 14    Str: 26    XL:     11   Next: 7%
Magic:  11/11      EV: 10    Int:  8    God:    Beogh [***...]
Gold:   357        SH: 12    Dex: 10    Spells: 10/10 levels left

rFire    . . .     SeeInvis .   D - +1 hand axe (elec)
rCold    . . .     Gourm    .   c - +0 shield
rNeg     + . .     Faith    .   k - +0 pearl dragon scales
rPois    +         Spirit   .   e - +0 helmet
rElec    .         Reflect  .   (no cloak)
rCorr    .         Harm     .   (no gloves)
MR       .....                  (no boots)
Stlth    ..........             h - amulet of magic regeneration
HPRegen  0.25/turn              G - ring of poison resistance
MPRegen  0.37/turn              E - +3 ring of strength

@: no status effects
A: no striking features
a: Smiting, Renounce Religion


You were on level 10 of the Dungeon.
You worshipped Beogh.
Beogh was most pleased with you.
You were hungry.

You visited 1 branch of the dungeon, and saw 10 of its levels.

You collected 357 gold pieces.

Inventory:

Hand Weapons
 D - a +1 hand axe of electrocution (weapon)
Armour
 c - a +0 shield (worn)
 e - a +0 helmet (worn)
 k - +0 pearl dragon scales (worn)
 w - a +1 chain mail of fire resistance
Jewellery
 h - an amulet of magic regeneration (around neck)
 E - a +3 ring of strength (right hand)
 G - a ring of poison resistance (left hand)
Wands
 y - a wand of flame (34)
 A - a wand of digging (11)
Scrolls
 b - 5 scrolls of teleportation
 g - 2 scrolls of noise {unknown}
 i - a scroll of vulnerability {unknown}
 j - 5 scrolls of identify
 l - 2 scrolls of enchant weapon {unknown}
 m - 2 scrolls of immolation {unknown}
 o - a scroll of magic mapping {unknown}
 p - 6 scrolls of remove curse
 q - 2 scrolls of amnesia {unknown}
 r - a scroll of enchant armour {unknown}
 s - 2 scrolls of random uselessness {unknown}
 t - 2 scrolls of fear
 I - 3 scrolls of fog {unknown}
Potions
 d - a potion of might
 n - 2 potions of haste
 v - a potion of agility
 x - 2 potions of magic
 z - a potion of flight
 H - a potion of brilliance
Books
 u - a book of Air

   Spells                             Type                      Level
   a - Shock                          Conjuration/Air              1
   b - Swiftness                      Charms/Air                   2
   c - Static Discharge               Conjuration/Air              3
   d - Airstrike                      Air                          4
   e - Lightning Bolt                 Conjuration/Air              5
 B - a book of Maledictions

   Spells                             Type                      Level
   a - Corona                         Hexes                        1
   b - Ensorcelled Hibernation        Hexes/Ice                    2
   c - Confuse                        Hexes                        3
   d - Tukima's Dance                 Hexes                        3
   e - Dazzling Spray                 Conjuration/Hexes            3
 C - a book of Misfortune

   Spells                             Type                      Level
   a - Confusing Touch                Hexes                        1
   b - Confuse                        Hexes                        3
   c - Gell's Gravitas                Translocation                3
   d - Petrify                        Transmutation/Earth          4
   e - Metabolic Englaciation         Hexes/Ice                    5
   f - Yara's Violent Unravelling     Hexes/Transmutation          5
Comestibles
 a - 2 chunks of flesh
 f - 19 rations


   Skills:
 + Level 8.5 Fighting
 + Level 13.4 Axes
 + Level 7.8 Armour
 + Level 4.0 Dodging
 + Level 1.0 Stealth
 + Level 8.8 Shields


You had 10 spell levels left.
You didn't know any spells.

Dungeon Overview and Level Annotations

Branches:
Dungeon (10/15)            Temple (0/1) D:5            Lair (0/6) D:10
    Orc: D:9-12

Altars:
Cheibriados
Gozag
Makhleb
Qazlal
Wu Jian
Zin

Annotations:
D:8 Maurice


Message History

The gargoyle is heavily damaged.
The gargoyle hurls a stone arrow at you.
You block the stone arrow.
Your orc wizard hits the gargoyle but does no damage.
You barely miss the gargoyle.
The gargoyle is heavily damaged.
Your orc wizard gestures at the gargoyle while chanting.
The magic dart hits the gargoyle.
The gargoyle hurls a stone arrow at you.
The stone arrow hits you!
* * * LOW HITPOINT WARNING * * *
You completely miss the gargoyle.
The gargoyle is heavily damaged.
Your orc wizard hits the gargoyle but does no damage.
Your shield and pearl dragon scales prevent you from hitting the gargoyle.
The gargoyle is heavily damaged.
You are feeling hungry.
The gargoyle hurls a stone arrow at you.
The stone arrow hits you!
You die...

# ##'##### #......###
#.....@oo#####
#.....9#oooo.#######
.'......#####.......####
##......# #######....#
#......# ####.. ########
###


You could see a gargoyle, 3 friendly orc warriors, a friendly orc priest, the
friendly Thorok the orc priest and a friendly orc wizard.

Vanquished Creatures
  A two-headed ogre (D:10)
  An unseen horror (D:10)
  Pikel (D:4)
  Psyche (D:8)
  2 hippogriffs
  Sigmund (D:7)
  A spriggan (D:7)
  A vampire (D:10)
  2 humans (D:9)
  Menkaure (D:6)
  Edmund (D:7)
  An acid dragon (D:6)
  2 water moccasins (D:9)
  2 sky beasts
  2 black bears
  3 ice beasts
  A slave (D:4)
  A phantom (D:9)
  4 ogres
  A centaur (D:10)
  A big kobold (D:7)
  2 bullfrogs
  3 scorpions
  3 vampire bats (D:4)
  2 crimson imps
  A centaur zombie (D:5)
  An orc priest (D:6)
  5 hounds
  2 jellies
  A gnoll shaman (D:6)
  3 bullfrog skeletons
  5 iguanas
  Natasha (D:1)
  8 orc wizards
  8 worker ants
  2 hound zombies (D:5)
  A worker ant zombie (D:5)
  A hound skeleton (D:5)
  A howler monkey zombie (D:5)
  10 gnolls
  11 adders
  A shadow imp (D:10)
  An adder zombie (D:5)
  3 adder skeletons
  2 worms (D:2)
  A dart slug (D:2)
  7 leopard geckos
  18 orcs
  6 giant cockroaches
  7 goblins
  6 hobgoblins
  5 jackals
  6 quokkas
  10 bats
  10 frilled lizards
  14 kobolds
  2 leopard gecko zombies (D:5)
  A quokka skeleton (D:4)
  4 rats
206 creatures vanquished.

Vanquished Creatures (collateral kills)
  A wraith (D:10)
  2 humans (D:9)
  A big kobold (D:10)
  A bullfrog (D:9)
  A centaur zombie (D:9)
  A bullfrog skeleton (D:8)
  An iguana (D:10)
  2 orcs
  A kobold (D:10)
  A quokka (D:10)
12 creatures vanquished.

Vanquished Creatures (others)
  An orc warrior (D:9)
  6 orcs
  A bullfrog skeleton (D:4)
  An orc priest (D:9)
  A worm (D:4)
  2 leopard geckos (D:4)
12 creatures vanquished.

Grand Total: 230 creatures vanquished

Notes
Turn   | Place    | Note
-------+----------+-------------------------------------------
     0 | D:1      | recordrepeat the Hill Orc Fighter began the quest for the Orb.
     0 | D:1      | Reached XP level 1. HP: 19/19 MP: 1/1
   253 | D:1      | Reached XP level 2. HP: 27/27 MP: 2/2
   350 | D:1      | Reached skill level 3 in Axes
   759 | D:1      | Reached XP level 3. HP: 28/33 MP: 3/3
  1383 | D:2      | Noticed Natasha
  1422 | D:1      | Killed Natasha
  1422 | D:1      | Reached skill level 1 in Dodging
  1422 | D:1      | Reached XP level 4. HP: 12/40 MP: 4/4
  1814 | D:2      | Reached skill level 4 in Axes
  2035 | D:3      | Noticed a bullfrog
  2043 | D:3      | Killed a bullfrog
  2043 | D:3      | Reached XP level 5. HP: 39/46 MP: 5/5
  2139 | D:3      | Reached skill level 5 in Axes
  2261 | D:3      | Found a faded altar of an unknown god.
  2553 | D:4      | Reached XP level 6. HP: 44/52 MP: 6/6
  2630 | D:4      | Became a worshipper of Beogh the Brigand
  2650 | D:4      | Noticed Pikel
  2653 | D:4      | Noticed a slave
  2654 | D:4      | Noticed a slave
  2654 | D:4      | Noticed a slave
  2656 | D:4      | Noticed a slave
  2657 | D:4      | Paralysed by Pikel for 7 turns
  2677 | D:4      | Paralysed by Pikel for 6 turns
  2686 | D:4      | Paralysed by Pikel for 6 turns
  2710 | D:4      | Killed a slave
  2718 | D:4      | Killed Pikel
  2718 | D:4      | Reached skill level 5 in Fighting
  2718 | D:4      | Reached skill level 7 in Axes
  2718 | D:4      | Reached skill level 5 in Shields
  2718 | D:4      | Reached XP level 7. HP: 16/61 MP: 7/7
  2962 | D:4      | Found a burning altar of Makhleb.
  2964 | D:4      | Found a glowing silver altar of Zin.
  2969 | D:4      | Noticed a cacodemon
  2989 | D:4      | Noticed an angel
  3216 | D:4      | Reached XP level 8. HP: 67/68 MP: 8/8
  3240 | D:4      | Reached skill level 5 in Armour
  3441 | D:5      | Entered Level 5 of the Dungeon
  3719 | D:5      | Reached skill level 8 in Axes
  3765 | D:5      | Reached * piety under Beogh
  3830 | D:5      | Found a stormy altar of Qazlal.
  4265 | D:5      | Reached skill level 9 in Axes
  4371 | D:5      | Found a staircase to the Ecumenical Temple.
  4551 | D:5      | Noticed a hippogriff
  4570 | D:6      | Noticed Menkaure
  4571 | D:6      | Reached XP level 9. HP: 70/75 MP: 9/9
  4574 | D:6      | Killed Menkaure
  4583 | D:5      | Reached skill level 10 in Axes
  5012 | D:6      | Reached ** piety under Beogh
  5065 | D:6      | Reached skill level 11 in Axes
  5384 | D:6      | Found a snail-covered altar of Cheibriados.
  5982 | D:7      | Reached XP level 10. HP: 78/84 MP: 10/10
  5990 | D:7      | Reached skill level 12 in Axes
  6145 | D:7      | Noticed Edmund
  6154 | D:7      | Killed Edmund
  6557 | D:7      | Noticed Sigmund
  6571 | D:7      | Killed Sigmund
  6594 | D:8      | Noticed Psyche
  6609 | D:8      | Reached *** piety under Beogh
  6612 | D:8      | Killed Psyche
  7081 | D:8      | Noticed Maurice
  7099 | D:8      | HP: 3/86 [acid (13)]
  7667 | D:9      | Gained Thorok as an ally
  7703 | D:9      | Found an opulent altar of Gozag.
  7703 | D:9      | Found an ornate altar of the Wu Jian Council.
  8237 | D:10     | Entered Level 10 of the Dungeon
  8498 | D:10     | Found a staircase to the Lair.
  8512 | D:10     | Noticed a two-headed ogre
  8519 | D:10     | Killed a two-headed ogre
  8519 | D:10     | Reached skill level 13 in Axes
  8535 | D:10     | Killed an unseen horror
  8535 | D:10     | Reached XP level 11. HP: 78/95 MP: 11/11
  8637 | D:10     | Reached skill level 1 in Stealth
  8651 | D:10     | Killed from afar by a gargoyle

Skill      XL: |  1  2  3  4  5  6  7  8  9 10 11 |
---------------+----------------------------------+-----
Axes           | 3 4 5 7 9 11 13 | 13.4
Fighting       | 4 5 6 8 |  8.5
Dodging        | 1 2 3 4 |  4.0
Shields        | 4 5 6 7 8 |  8.8
Armour         | 4 6 7 |  7.8
Stealth        | 1 |  1.0

Action                   |  1- 3 |  4- 6 |  7- 9 | 10-12 || total
-------------------------+-------+-------+-------+-------++-------
Melee: War axe           |   128 |   100 |   374 |   215 ||   817
       Hand axe          |       |       |       |    38 ||    38
Invok: Convert to Beogh  |       |     1 |       |       ||     1
  Use: Potion            |     1 |     3 |     3 |     4 ||    11
       Scroll            |       |     3 |     5 |     4 ||    12
  Eat: Chunk             |     2 |     3 |     5 |     2 ||    12
       Ration            |       |     1 |     1 |     2 ||     4
Armor: Scale mail        |    28 |       |       |       ||    28
       Pearl dragon scal |    57 |    79 |   231 |    74 ||   441
Dodge: Dodged            |    49 |    32 |   129 |    93 ||   303
Block: Shield            |    80 |    51 |   249 |   127 ||   507
